 Dungeon Crawl Stone Soup version 0.26.0-10-g1f06aea511 (webtiles) character file.

Game seed: 1478902141290256420

61 Amaterasu the Chiller (level 3, -6/20 HPs)
             Began as a Deep Elf Ice Elementalist on Jan 30, 2021.
             Killed by divine providence
             ... invoked by an orc priest
              (9 damage)
             ... on level 2 of the Dungeon.
             The game lasted 00:02:40 (1439 turns).

Amaterasu the Chiller (Deep Elf Ice Elementalist)   Turns: 1439, Time: 00:02:41

Health: -6/20      AC:  2    Str:  5    XL:     3   Next: 83%
Magic:  4/10       EV: 13    Int: 20    God:
Gold:   86         SH:  0    Dex: 15    Spells: 6/10 levels left

rFire    . . .     SeeInvis .   b - +0 dagger
rCold    . . .     Faith    .   (no shield)
rNeg     . . .     Spirit   .   a - +0 robe
rPois    .         Reflect  .   (no helmet)
rElec    .         Harm     .   (no cloak)
rCorr    .         Rampage  .   (no gloves)
Will     .....                  (no boots)
Stlth    ++........             (no amulet)
HPRegen  0.06/turn              (no ring)
MPRegen  0.12/turn              (no ring)

@: frozen ramparts
A: no striking features
a: no special abilities


You were on level 2 of the Dungeon.
You visited 1 branch of the dungeon, and saw 2 of its levels.

You collected 86 gold pieces.

Inventory:

Hand Weapons
 b - a +0 dagger (weapon)
Armour
 a - a +0 robe (worn)
Scrolls
 g - a scroll of random uselessness {unknown}
Potions
 c - 2 potions of brilliance {unknown}
 d - a potion of cancellation {unknown}
 e - a potion of lignification {unknown}
 f - a potion of might {unknown}


   Skills:
 * Level 0.3 Fighting
 - Level 2.4 Dodging
 - Level 2.4 Stealth
 - Level 4.0 Spellcasting
 + Level 5.5 Ice Magic


You had 6 spell levels left.
You knew the following spells:

 Your Spells              Type           Power        Failure   Level
a - Freeze                Ice            100%         1%          1
b - Frozen Ramparts       Ice            52%          4%          3

Your spell library contained the following spells:

 Spells                   Type           Power        Failure   Level
 Ozocubu's Armour         Ice            26%          4%          3
 Hailstorm                Conj/Ice       15%          38%         4
 Summon Ice Beast         Ice/Summ       15%          38%         4


Dungeon Overview and Level Annotations

Branches:
Dungeon (2/15)

Altars:


Message History

Casting: Frozen Ramparts (quite dangerous; 4% risk of failure)
Confirm with . or Enter, or press ? or * to list all spells.
Aiming: Freeze (safe; 1% risk of failure)
Press: ? - help, Shift-Dir - straight line, f - orc
Aim: an orc, wielding a +0 mace of holy wrath and wearing a +0 leather armour You freeze the orc.
The orc is lightly wounded.
The wall freezes the orc priest.
The wall freezes the orc.
The wall freezes the orc priest.
Casting: Freeze (safe; 1% risk of failure)
Confirm with . or Enter, or press ? or * to list all spells.
Aiming: Freeze (safe; 1% risk of failure)
Press: ? - help, Shift-Dir - straight line, f/p - orc
Aim: an orc, wielding a +0 mace of holy wrath and wearing a +0 leather armour (severely wounded)
You freeze the orc.
You kill the orc!
The wall freezes the orc.
The wall freezes the orc priest.
The orc priest mumbles some strange prayers to Beogh against you.
Beogh smites you!
You die...

#.# #.# #.# #.#
#.# #.# #.########
#.......)#######
#.......@oo.....
#..........#######
##.............
#..........###
##.........#
#>.....!..#
##........#
.........#


You could see an orc priest and an orc.

Vanquished Creatures
  A gnoll (D:1)
  3 dart slugs
  2 orcs (D:2)
  2 giant cockroaches (D:1)
  5 goblins
  4 hobgoblins
  3 jackals (D:1)
  8 kobolds
  A quokka (D:2)
  6 bats
  2 frilled lizards (D:1)
  5 rats
42 creatures vanquished.

Notes
Turn   | Place    | Note
-------+----------+-------------------------------------------
     0 | D:1      | Amaterasu the Deep Elf Ice Elementalist began the quest for
                  | the Orb.
     0 | D:1      | Reached XP level 1. HP: 10/10 MP: 6/6
     6 | D:1      | Noticed a wyvern
     6 | D:1      | Noticed a polar bear
     6 | D:1      | Noticed a killer bee
    98 | D:1      | Reached XP level 2. HP: 14/15 MP: 1/8
   182 | D:1      | Reached skill level 5 in Ice Magic
   623 | D:1      | Reached XP level 3. HP: 19/19 MP: 8/10
   627 | D:1      | Learned a level 3 spell: Frozen Ramparts
  1439 | D:2      | Killed from afar by an orc priest

Illustrated notes

Levels and vault maps discovered:
D:1:      onia_arrival_zoo_common, layout_basic
D:2:      layout_basic, guppyfry_early_orc_mine

Skill      XL: |  1  2  3 |
---------------+----------+-----
Ice Magic      | 5 |  5.5
Spellcasting   | 4 |  4.0
Fighting       | |  0.3
Dodging        | |  2.4
Stealth        | |  2.4

Action                   || total
-------------------------++-------
Melee: Dagger            ||    16
 Cast: Freeze            ||    55
       Frozen Ramparts   ||     1
 Stab: Sleeping          ||     3
Armor: Robe              ||     4
Dodge: Dodged            ||    46
